 Dungeon Crawl Stone Soup version 0.22.1-2-g9c5b331 (webtiles) character file.

469 MalarOregon the Changer (level 7, -4/52 HPs)
             Began as a Merfolk Transmuter on Nov 26, 2018.
             Was an Initiate of Nemelex Xobeh.
             Shot with an arrow by a centaur (13 damage)
             ... on level 5 of the Dungeon.
             The game lasted 00:08:33 (5374 turns).

MalarOregon the Changer (Merfolk Transmuter)        Turns: 5374, Time: 00:08:34

Health: -4/52      AC:  2    Str: 11    XL:     7   Next: 9%
Magic:  17/20      EV: 21    Int: 14    God:    Nemelex Xobeh [......]
Gold:   136        SH:  0    Dex: 19    Spells: 1/11 levels left

rFire    . . .     SeeInvis .     - Unarmed
rCold    . . .     Gourm    .   (shield currently unavailable)
rNeg     . . .     Faith    .   (armour currently unavailable)
rPois    x         Spirit   .   (helmet currently unavailable)
rElec    .         Reflect  .   (cloak currently unavailable)
rCorr    .         Harm     .   (gloves currently unavailable)
MR       .....                  (boots currently unavailable)
Stlth    ++........             (no amulet)
HPRegen  0.17/turn              k - ring of magical power
MPRegen  0.17/turn              i - -2 ring of evasion (curse)

@: spider-form
A: tiny, (change form in water), (swift swim), (stealthy swim)
a: End Transformation, Renounce Religion


You were on level 5 of the Dungeon.
You worshipped Nemelex Xobeh.
Nemelex Xobeh was noncommittal.
You were not hungry.
You were a venomous arachnid creature.
You visited 2 branches of the dungeon, and saw 6 of its levels.

You collected 136 gold pieces.

Inventory:

Missiles
 a - 38 arrows
Armour
 b - a +0 robe (melded)
 p - a +2 helmet (melded)
   (You took it off Robin on level 3 of the Dungeon)
Jewellery
 i - a cursed -2 ring of evasion (right front leg)
   (You took it off a goblin on level 2 of the Dungeon)
 k - a ring of magical power (left front leg)
   (You found it on level 1 of the Dungeon)
 r - an uncursed ring of stealth
   (You found it on level 3 of the Dungeon)
Wands
 u - a wand of polymorph (8)
   (You found it on level 3 of the Dungeon)
Scrolls
 l - 3 scrolls of teleportation {@r4}
 m - 3 scrolls of enchant weapon
 s - 8 scrolls of identify {@r1}
Potions
 c - 2 potions of curing {unknown}
 f - 2 potions of degeneration {unknown}
 g - a potion of brilliance {unknown}
 h - 2 potions of mutation {!q}
 j - a potion of magic
 n - 3 potions of ambrosia {unknown}
 o - a potion of cancellation {unknown}
 q - a potion of haste {unknown}
 t - a potion of flight {unknown}
Miscellaneous
 d - a plain deck of summoning
   (Nemelex Xobeh gifted it to you in the Ecumenical Temple)
Comestibles
 e - 6 rations {!d}


   Skills:
 + Level 3.0 Fighting
 + Level 4.2 Dodging
 * Level 5.1 Unarmed Combat
 + Level 2.9 Spellcasting
 * Level 5.5 Transmutations
 + Level 0.1 Ice Magic
 + Level 1.9 Poison Magic
 + Level 0.3 Invocations


You had one spell level left.
You knew the following spells:

 Your Spells              Type           Power        Failure   Level  Hunger
c - Ice Form              Ice/Tmut       ##......     77%         4    #####..
p - Beastly Appendage     Tmut           ###...       9%          1    #......
s - Sticks to Snakes      Tmut           ###.....     11%         2    ##.....
x - Spider Form           Tmut/Pois      ##........   32%         3    ###....

Your spell library contained the following spells:

 Spells                   Type           Power        Failure   Level  Hunger
 Magic Dart               Conj           #...         43%         1    #......
 Blink                    Tloc           N/A          54%         2    ##.....
 Call Imp                 Summ           #.......     54%         2    ##.....
 Slow                     Hex            #.......     54%         2    ##.....
 Mephitic Cloud           Conj/Pois/Air  #.......     67%         3    ###....
 Blade Hands              Tmut           ###.......   73%         5    ######.
 Conjure Flame            Conj/Fire      #.......     75%         3    ###....


Dungeon Overview and Level Annotations

Branches:
Dungeon (5/15)             Temple (1/1) D:4

Altars:
Elyvilon
Gozag
Hepliaklqana
Nemelex Xobeh
Okawaru
Ru
Sif Muna
Trog
Uskayaw
Vehumet
Wu Jian
Xom
Yredelemnul
The Shining One


Message History

There is a stone staircase leading up here.
Found a bronze wand.
There is an escape hatch in the ceiling here.
Really go through this one-way escape hatch?
A mysterious force pulls you upwards. The hatch slams shut behind you.
There is a staircase to the Ecumenical Temple here.
You climb downwards.
Welcome back to the Ecumenical Temple!
There is a staircase back to the Dungeon here.
You climb upwards.
Welcome back to the Dungeon!
There is a staircase to the Ecumenical Temple here.
There is a stone staircase leading down here.
You climb downwards.
There is a stone staircase leading up here.
You are starving!
You eat one of the 7 rations {!d}.
That ration really hit the spot!
You open the door.
Found an escape hatch in the floor.
There is an open door here.
There is an open door here.
You open the door.
There is an open door here.
Found a scroll of enchant armour and 11 gold pieces.
Found a purple potion and 3 bubbling golden potions.
Found a twisted ivory wand.
You now have 136 gold pieces (gained 11).
Found 4 gold pieces.
n - 3 bubbling golden potions A centaur comes into view.
Found 10 gold pieces.
You see here a wand of paralysis (13).
A centaur is nearby!
Nemelex Xobeh grants you a gift! Something appears at your feet!
The centaur shouts!
The centaur wields a shortbow.
The centaur shoots an arrow.
The arrow hits you!
Things that are here:
an arrow; a plain deck of escape An adder zombie comes into view.
The centaur shoots an arrow.
The arrow hits you.
You see here an arrow.
The centaur shoots an arrow.
The arrow hits you!
* * * LOW HITPOINT WARNING * * *
You see here an arrow.
You turn into a venomous arachnid creature.
Your +2 helmet melds into your body.
Your +0 robe melds into your body.
The centaur shoots an arrow.
The arrow hits you!
* * * LOW HITPOINT WARNING * * *
The centaur shoots an arrow.
The arrow hits you!
You die...
Your body disappears without a glow.

##### #...# #.#.# #.#.#
################.#.#.#
........../....#.#.#.#
.........(.....#.#.#.#
........(......#.#.#.#
...$...s.......#.#.#.###
....c..!.......#.#.#....
...............#.#.#####
....Z..........#.#......
...............#.....###
........?......#.###.#
......$........#'###'###
.......................#
.................#


You could see a centaur and an adder zombie.

Vanquished Creatures
  A hippogriff (D:3)
  A howler monkey (D:4)
  An iguana (D:4)
  A worker ant (D:4)
  Robin (D:3)
  A gnoll (D:1)
  6 adders
  2 oozes
  An adder skeleton (D:4)
  A worm (D:2)
  2 dart slugs
  4 leopard geckos
  7 orcs
  10 bats
  3 giant cockroaches
  11 hobgoblins
  7 jackals
  3 quokkas
  4 frilled lizards
  14 goblins
  11 kobolds
  10 rats
102 creatures vanquished.

Vanquished Creatures (collateral kills)
  A bat (D:1)
1 creature vanquished.

Grand Total: 103 creatures vanquished

Notes
Turn   | Place    | Note
-------+----------+-------------------------------------------
     0 | D:1      | MalarOregon the Merfolk Transmuter began the quest for the
                  | Orb.
     0 | D:1      | Reached XP level 1. HP: 15/15 MP: 3/3
   295 | D:2      | Reached XP level 2. HP: 17/21 MP: 5/5
   346 | D:2      | Learned a level 2 spell: Sticks to Snakes
   609 | D:2      | HP: 1/21 [poisoned by a goblin]
   692 | D:2      | Reached XP level 3. HP: 9/26 MP: 0/6
  1140 | D:1      | Learned a level 3 spell: Spider Form
  1520 | D:1      | Reached XP level 4. HP: 15/33 MP: 7/7
  1993 | D:2      | HP: 1/33 [worm (10)]
  2542 | D:2      | Found a radiant altar of Vehumet.
  2563 | D:2      | Found a bloodstained altar of Trog.
  3074 | D:3      | Reached XP level 5. HP: 31/38 MP: 8/8
  3117 | D:3      | Found an ornate altar of the Wu Jian Council.
  3117 | D:3      | Found a basalt altar of Yredelemnul.
  3181 | D:3      | Noticed Robin
  3214 | D:3      | Killed Robin
  3405 | D:3      | Reached skill level 1 in Poison Magic
  3459 | D:3      | Noticed a hippogriff
  3470 | D:3      | Killed a hippogriff
  3470 | D:3      | Reached skill level 5 in Transmutations
  3470 | D:3      | Reached XP level 6. HP: 19/46 MP: 10/10
  3825 | D:3      | Found an iron altar of Okawaru.
  3978 | D:4      | Found a staircase to the Ecumenical Temple.
  3993 | Temple   | Entered the Ecumenical Temple
  4020 | Temple   | Became a worshipper of Nemelex Xobeh the Trickster
  4057 | Temple   | Received a gift from Nemelex Xobeh
  4386 | D:4      | Reached skill level 5 in Unarmed Combat
  4594 | D:4      | Reached XP level 7. HP: 20/51 MP: 11/11
  4803 | D:4      | Learned a level 4 spell: Ice Form
  5259 | D:5      | Entered Level 5 of the Dungeon
  5371 | D:5      | Received a gift from Nemelex Xobeh
  5374 | D:5      | Shot with an arrow by a centaur

Skill      XL: |  1  2  3  4  5  6  7 |
---------------+----------------------+-----
Transmutations | 3 4 5 |  5.5
Dodging        | 3 4 |  4.2
Unarmed Combat | 4 5 |  5.1
Fighting       | 2 3 |  3.0
Poison Magic   | 1 |  1.9
Spellcasting   | |  2.9
Ice Magic      | |  0.1
Invocations    | |  0.3

Action                   |  1- 3 |  4- 6 |  7- 9 || total
-------------------------+-------+-------+-------++-------
Melee: Unarmed           |   126 |   239 |    11 ||   376
       Punch             |     3 |     4 |       ||     7
 Cast: Sticks to Snakes  |     7 |       |       ||     7
       Spider Form       |     1 |    11 |     1 ||    13
  Use: Scroll            |       |     8 |       ||     8
 Stab: Distracted        |     1 |       |       ||     1
       Sleeping          |       |     4 |       ||     4
  Eat: Chunk             |     2 |    11 |     1 ||    14
       Ration            |       |       |     1 ||     1
Armor: Robe              |    21 |    34 |     1 ||    56
       Skin              |       |    11 |       ||    11
Dodge: Dodged            |   105 |   206 |     4 ||   315
